 Dungeon Crawl Stone Soup version 0.20-a0-1078-g4874019 (webtiles) character file.

6918 theAP the Basher (level 11, -3/73 HPs)
             Began as a Gargoyle Fighter on Apr 30, 2017.
             Was an Initiate of Gozag.
             Killed from afar by a fire dragon (17 damage)
             ... with a blast of flame
             ... on level 10 of the Dungeon.
             The game lasted 00:13:38 (6800 turns).

theAP the Basher (Gargoyle Fighter)                 Turns: 6800, Time: 00:13:39

Health: -3/73      AC: 17    Str: 24    XL:     11   Next: 7%
Magic:  11/11      EV:  7    Int: 10    God:    Gozag
Gold:   1208       SH: 10    Dex:  9    Spells: 10/10 levels left

rFire    + . .     SeeInvis +   A - +2 whip (elec)
rCold    . . .     Gourm    .   c - +1 shield
rNeg     + . .     Faith    .   b - +0 scale mail
rPois    ∞         Spirit   .   (no helmet)
rElec    +         Reflect  .   l - +1 cloak
rCorr    .         Harm     .   (no gloves)
MR       .....                  z - +0 pair of boots (curse)
Stlth    ..........             n - amulet of regeneration
Regen    0.7/turn               s - ring "Eclun" {rF+ Int+2}
MPRegen  0.2/turn               m - ring of see invisible

@: no status effects
A: big wings, hooves 1, negative energy resistance 1, electricity resistance,
unbreathing, petrification resistance, rot immunity, AC +7
a: Fly, Potion Petition, Call Merchant, Bribe Branch, Renounce Religion


You were on level 10 of the Dungeon.
You worshipped Gozag.
Gozag was most pleased with you.
You were not hungry.

You visited 2 branches of the dungeon, and saw 11 of its levels.

You collected 1236 gold pieces.
You paid 28 gold pieces to Gozag.

Inventory:

Hand Weapons
 a - a +0 flail
 x - a +2 whip of draining
 y - a +1 whip of electrocution
 A - a +2 whip of electrocution (weapon)
Armour
 b - a +0 scale mail (worn)
 c - a +1 shield (worn)
 l - a +1 cloak (worn)
 z - a cursed +0 pair of boots (worn)
Jewellery
 k - an uncursed ring of fire
 m - a ring of see invisible (right hand)
 n - an amulet of regeneration (around neck)
 q - an uncursed ring of ice
 s - the ring "Eclun" (left hand) {rF+ Int+2}
   (You found it on level 5 of the Dungeon)

   [ring of protection from fire]

   It affects your intelligence (+2).
   It protects you from fire.
Wands
 i - a wand of acid (14/15)
 u - a wand of random effects (31/48)
Scrolls
 e - 7 scrolls of teleportation
 r - a scroll of immolation
 v - a scroll of enchant weapon
Potions
 d - 3 potions of might
 h - 3 potions of lignification
 p - 3 potions of flight
 t - a potion of resistance {unknown}
 w - 2 potions of agility {unknown}
 B - a potion of brilliance {unknown}
Comestibles
 f - 8 bread rations
 g - 3 meat rations


   Skills:
 + Level 10.7 Fighting
 * Level 13.4 Maces & Flails
 - Level 3.2 Armour
 - Level 3.2 Shields


You had 10 spell levels left.
You didn't know any spells.

Dungeon Overview and Level Annotations

Branches:
Dungeon (10/15)            Temple (1/1) D:4            Lair (0/6) D:10
    Orc: D:9-12

Altars:
Cheibriados
Dithmenos
Elyvilon
Gozag
Hepliaklqana
Makhleb
Nemelex Xobeh
Okawaru
Qazlal
Ru
Uskayaw
Vehumet
Zin
The Shining One


Innate Abilities, Weirdness & Mutations

You are resistant to torment.
Your stone body is resilient. (AC +7)
You are immune to poison.
You resist negative energy. (rN+)
You are resistant to electric shocks. (rElec)
You can survive without breathing.
You are immune to petrification.
You are immune to rotting.
Your large and strong wings let you fly indefinitely.
You have large cloven feet.


Message History

The fire dragon claws you.
The fire dragon tramples you but does no damage.
You hit the fire dragon but do no damage.
You hit the fire dragon.
Lightning courses through the fire dragon!
The fire dragon is moderately wounded.
The fire dragon bites you! The fire dragon claws you.
The fire dragon tramples you.
You stumble backwards!
You hit the fire dragon but do no damage.
Lightning courses through the fire dragon!
The fire dragon is moderately wounded.
The fire dragon bites you! You block the fire dragon's attack.
The fire dragon barely misses you. The fire dragon breathes flames at you.
The blast of flame hits you! You resist.
* * * LOW HITPOINT WARNING * * *
The fire dragon breathes flames at you. The blast of flame hits you!
You resist.
You die...
Your body crumbles into a pile of gold.

########## ...≈≈≈≈..###
....≈≈≈....##
$..≈≈≈......###
$≈≈≈≈.........#####
≈≈≈≈;..........D@.######
###
≈≈≈≈........#####......#
#.# #≈≈≈.......##
######.## #(#
#≈≈≈≈...#### #..# #(#
######### ##.# #)###
####.# #....
#....#####....
#.#####.....##
######.#####.....#


You could see a fire dragon.

Vanquished Creatures
  3 death yaks (D:10)
  The ghost of Shinoi the Cleaver, a novice HOAK of Lugonu (D:6)
  An unseen horror (D:10)
  A hornet (D:8)
  A spriggan (D:7)
  A wyvern (D:8)
  3 yaks (D:10)
  The ghost of Wiebster667 the Poker, an amateur NaWr (D:3)
  An eye of draining (D:10)
  2 ice beasts
  A necrophage (D:9)
  3 orc warriors
  A phantom (D:4)
  An ogre (D:4)
  A crocodile (D:9)
  3 centaurs
  A big kobold (D:9)
  2 bullfrogs
  Blork the orc (D:6)
  2 gnoll sergeants (D:7)
  2 scorpions
  5 wights (D:7)
  A crimson imp (D:8)
  A quasit (D:5)
  A hound (D:8)
  4 jellies
  9 orc wizards
  5 orc priests
  A gnoll shaman (D:5)
  An iguana (D:6)
  4 worker ants
  A howler monkey zombie (D:8)
  9 adders
  A howler monkey skeleton (D:5)
  12 gnolls
  An adder zombie (D:5)
  An ooze (D:3)
  6 worms
  A dart slug (D:1)
  3 leopard geckos
  39 orcs
  5 bats
  4 giant cockroaches
  8 goblins
  9 hobgoblins
  12 jackals
  11 kobolds
  3 quokkas
  3 ball pythons
  4 frilled lizards
  A jackal skeleton (D:5)
  7 rats
206 creatures vanquished.

Notes
Turn   | Place    | Note
-------+----------+-------------------------------------------
     0 | D:1      | theAP the Gargoyle Fighter began the quest for the Orb.
     0 | D:1      | Reached XP level 1. HP: 14/14 MP: 1/1
   210 | D:1      | Reached XP level 2. HP: 17/19 MP: 2/2
   469 | D:1      | Reached skill level 3 in Maces & Flails
   698 | D:1      | Reached XP level 3. HP: 22/24 MP: 3/3
  1005 | D:2      | Reached XP level 4. HP: 21/29 MP: 4/4
  1137 | D:2      | Reached skill level 4 in Maces & Flails
  1281 | D:2      | Found a sacrificial altar of Ru.
  1369 | D:2      | Found a faded altar of an unknown god.
  1435 | D:3      | Noticed Wiebster667's ghost (amateur NaWr)
  1466 | D:3      | Killed Wiebster667's ghost
  1466 | D:3      | Reached skill level 5 in Maces & Flails
  1466 | D:3      | Reached XP level 5. HP: 32/34 MP: 5/5
  1466 | D:3      | Reached XP level 6. HP: 38/40 MP: 6/6
  1853 | D:3      | Reached skill level 5 in Fighting
  1862 | D:3      | Found a sacrificial altar of Ru.
  2415 | D:4      | Found a glowing silver altar of Zin.
  2441 | D:4      | Reached skill level 6 in Maces & Flails
  2441 | D:4      | Reached XP level 7. HP: 31/44 MP: 7/7
  2456 | D:4      | Found a staircase to the Ecumenical Temple.
  2482 | Temple   | Entered the Ecumenical Temple
  2599 | Temple   | Became a worshipper of Gozag Ym Sagoz the Greedy
  2652 | D:4      | Found a shadowy altar of Dithmenos.
  2969 | D:4      | Gained mutation: You have large cloven feet. [potion of mutation]
  2969 | D:4      | Gained mutation: Your large and strong wings let you fly indefinitely. [potion of mutation]
  3049 | D:5      | Entered Level 5 of the Dungeon
  3191 | D:5      | Reached skill level 7 in Maces & Flails
  3336 | D:5      | Reached XP level 8. HP: 52/52 MP: 8/8
  3420 | D:5      | Got an ancient lapis lazuli ring
  3450 | D:5      | You fall through a shaft for 2 floors!
  3450 | D:7      | Found a stormy altar of Qazlal.
  3451 | D:7      | Found a hide-covered altar of Uskayaw.
  3496 | D:7      | Reached skill level 8 in Maces & Flails
  3602 | D:7      | Identified the ring "Eclun" {rF+ Int+2} (You found it on level 5 of the Dungeon)
  4056 | D:6      | Noticed Blork the orc
  4062 | D:6      | Killed Blork the orc
  4183 | D:6      | Found a glowing golden altar of the Shining One.
  4196 | D:6      | Reached skill level 9 in Maces & Flails
  4231 | D:6      | Noticed Shinoi's ghost (novice HOAK)
  4255 | D:6      | Killed Shinoi's ghost
  4255 | D:6      | Reached skill level 10 in Maces & Flails
  4255 | D:6      | Reached XP level 9. HP: 50/59 MP: 9/9
  4724 | D:7      | Found an iron altar of Okawaru.
  5087 | D:8      | Reached skill level 11 in Maces & Flails
  5450 | D:8      | Noticed a hornet
  5456 | D:8      | Reached XP level 10. HP: 61/66 MP: 10/10
  5937 | D:9      | Found a radiant altar of Vehumet.
  5965 | D:9      | Found a snail-covered altar of Cheibriados.
  6358 | D:9      | Reached skill level 12 in Maces & Flails
  6424 | D:10     | Entered Level 10 of the Dungeon
  6429 | D:10     | Noticed an unseen horror
  6441 | D:10     | Killed an unseen horror
  6555 | D:10     | Noticed a death yak
  6560 | D:10     | Noticed a death yak
  6564 | D:10     | Noticed a death yak
  6576 | D:10     | Killed a death yak
  6576 | D:10     | Reached skill level 10 in Fighting
  6593 | D:10     | Killed a death yak
  6616 | D:10     | Killed a death yak
  6616 | D:10     | Reached skill level 13 in Maces & Flails
  6616 | D:10     | Reached XP level 11. HP: 12/73 MP: 11/11
  6749 | D:10     | Found a staircase to the Lair.
  6780 | D:10     | Noticed a fire dragon
  6800 | D:10     | Killed from afar by a fire dragon

Vault maps used:
D:1:      tarquinn_simple_flora_water_d, serial_glass, glass_columns_a,
          glass_columns_a, glass_columns_a, glass_columns_c, glass_columns_b
D:2:      nicolae_overflow_hidden_temple, lemuel_coloured_pillars_altar,
          chequers_ecumenical_altar_grove
D:3:      first_bread, nicolae_ru_awakened_eye
D:4:      zin_academy, temple_green, grunt_dithmenos_smoke
D:6:      tso_altar, uniq_blork_the_orc
D:7:      okawaru_gym_becter, chequers_temple_overflow_statue_of_worship,
          the_bakery
D:9:      overflow_temple_1_default, basic_altar
D:10:     dragon1_lemuel, dpeg_lair_monsters, serial_column_ruins,
          column_ruins_corridor_corner, column_ruins_columns_corner,
          column_ruins_columns_dead_end, column_ruins_grid_1,
          column_ruins_open_tiny_water
Temple:   regret_index_temple_generic_petals

Skill      XL: |  1  2  3  4  5  6  7  8  9 10 |
---------------+-------------------------------+-----
Maces & Flails | 3 5 6 7 10 11 13 | 13.4
Fighting       | 4 5 6 8 9 10 | 10.7
Armour         | |  3.2
Shields        | |  3.2

Action                   |  1- 3 |  4- 6 |  7- 9 | 10-12 || total
-------------------------+-------+-------+-------+-------++-------
Melee: Flail             |   170 |   188 |       |       ||   358
       Whip              |       |    14 |   434 |   156 ||   604
       Kick              |       |       |    93 |       ||    93
  Use: Scroll            |       |    11 |     4 |     2 ||    17
       Potion            |       |       |     3 |     3 ||     6
  Eat: Chunk             |       |     6 |       |       ||     6
       Royal jelly       |       |       |     2 |     1 ||     3
       Fruit             |       |       |     6 |       ||     6
       Meat ration       |       |       |       |     1 ||     1
Armor: Scale mail        |   114 |    98 |   153 |    35 ||   400
Dodge: Dodged            |    44 |    66 |    83 |    18 ||   211
Block: Shield            |   102 |    95 |   189 |    53 ||   439
